Map: Temple of the Past

Players

Jodle

  • Race: Protoss Protoss
  • Spawn Location: 0:00

NamroodTuo

  • Race: Zerg Zerg

VOD

Have the link to the VOD?

Description

Time

  • Played on: March 25, 2023, 8:09 a.m.
  • Length: 26:27
Show
View Real Time Build Order
Export as new Build Order

Jodle Protoss 

Build Orders:  

Get SALT Encoding   

  12  0:00  Probe (Chrono Boost)  
  13  0:14  Probe (Chrono Boost)  
  14  0:26  Probe (Chrono Boost)  
  15  0:37  Pylon  
  15  1:00  Probe (Chrono Boost)  
  15  1:06  Gateway  
  16  1:15  Forge  
  16  1:20  Probe (Chrono Boost), Assimilator  
  17  1:32  Probe (Chrono Boost)  
  18  1:44  Probe (Chrono Boost)  
  18  1:48  Pylon  
  19  2:07  Probe (Chrono Boost)  
  19  2:19  Cybernetics Core, Probe (Chrono Boost)  
  21  2:31  Probe (Chrono Boost)  
  21  2:34  Assimilator  
  22  2:44  Probe (Chrono Boost)  
  23  2:56  Probe (Chrono Boost)  
  23  2:58  Sentinel  
  24  3:00  Pylon  
  26  3:10  Probe (Chrono Boost)  
  27  3:22  Probe (Chrono Boost)  
  28  3:35  Probe (Chrono Boost)  
  29  3:47  Stargate  
  29  3:54  Photon Cannon  
  29  3:55  Photon Cannon  
  29  3:59  Photon Cannon  
  29  4:17  Probe (Chrono Boost)  
  30  4:26  Photon Cannon  
  30  4:34  Pylon  
  30  4:44  Pylon  
  30  5:07  Nexus  
  30  5:32  Fleet Beacon  
  30  5:44  Probe (Chrono Boost)  
  31  5:56  Probe (Chrono Boost)  
  32  6:08  Probe (Chrono Boost)  
  32  6:09  Assimilator  
  33  6:20  Probe (Chrono Boost)  
  33  6:25  Photon Cannon  
  34  6:32  Probe (Chrono Boost)  
  35  6:41  Assimilator  
  35  6:50  Probe (Chrono Boost)  
  35  6:58  Stargate  
  35  6:59  Probe (Chrono Boost)  
  36  7:02  Probe (Chrono Boost)  
  38  7:11  Probe (Chrono Boost)  
  38  7:14  Probe (Chrono Boost)  
  40  7:23  Probe (Chrono Boost)  
  40  7:25  Stargate  
  40  7:26  Probe (Chrono Boost)  
  42  7:35  Probe (Chrono Boost)  
  42  7:38  Probe (Chrono Boost)  
  43  7:41  Carrier  
  43  7:46  Pylon  
  43  7:47  Probe (Chrono Boost)  
  45  7:50  Probe (Chrono Boost)  
  52  8:09  Pylon  
  52  8:13  Carrier  
  58  8:30  Probe (Chrono Boost)  
  59  8:42  Probe (Chrono Boost)  
  60  8:50  Protoss Air Weapons Level 1  
  60  8:51  Carrier  
  60  8:54  Probe (Chrono Boost)  
  61  9:06  Probe (Chrono Boost)  
  68  9:18  Probe (Chrono Boost)  
  68  9:27  Pylon  
  68  9:29  Pylon  
  69  9:31  Pylon  
  69  9:32  Pylon  
  69  9:37  Carrier  
  75  10:19  Carrier  
  81  11:11  Carrier  
  87  12:28  Carrier x2  
  87  12:33  Photon Cannon  
  87  12:36  Photon Cannon x2  
  87  12:41  Photon Cannon  
  99  12:50  Photon Cannon  
  99  14:19  Carrier x2  
  111  14:51  Sentinel  
  113  15:10  Pylon  
  113  15:11  Pylon  
  113  15:12  Pylon  
  113  15:13  Pylon  
  113  15:14  Pylon  
  113  15:17  Pylon  
  113  15:21  Pylon  
  113  15:24  Sentinel  
  115  15:51  Energizer  
  115  15:58  Energizer  
  115  16:03  Sentinel  
  121  16:57  Sentinel  
  123  17:30  Sentinel  
  125  18:03  Sentinel  
  127  18:36  Sentinel  
  127  18:43  Carrier x3  
  129  19:09  Sentinel  
  149  19:42  Energizer  
  151  20:06  Energizer  
  149  20:12  Sentinel  
  153  22:35  Carrier x3  
  153  22:59  Pylon x2  
  171  23:00  Energizer  
  171  23:02  Pylon  
  171  23:05  Pylon  
  173  23:32  Energizer  
  175  24:05  Energizer  
  177  24:37  Energizer  
  179  25:09  Energizer  
Show
View Real Time Build Order
Export as new Build Order

NamroodTuo Zerg 

Build Orders:  

Get SALT Encoding   

  12  0:17  Overlord  
  12  0:19  Infested SCV  
  13  0:25  Infested SCV  
  14  0:33  Infested SCV  
  15  0:46  Infested SCV  
  16  0:50  Infested SCV  
  16  0:59  Infested Barracks  
  17  1:10  Overlord  
  17  1:15  Infested SCV  
  18  1:47  Infestation Level 1  
  18  1:51  Infested SCV x2  
  18  1:59  Infested Refinery  
  20  2:02  Infested Refinery  
  20  2:06  Infested SCV  
  21  2:10  Infested SCV  
  22  2:20  Infested SCV  
  23  2:46  Infested SCV  
  24  3:02  Infested Bunker  
  24  3:03  Infested Barracks Tech Lab  
  28  3:12  Infested SCV  
  28  3:14  Infested SCV  
  28  3:19  Overlord  
  30  3:31  Retinal Augmentation  
  30  3:39  Anaerobic Enhancement  
  30  3:52  Infested SCV x2  
  30  3:58  Infested SCV  
  33  4:29  Overlord  
  33  4:30  Infested Engineering Bay  
  33  4:48  Infested Command Center  
  33  5:01  Infested SCV x2  
  35  5:10  Infested Factory  
  35  5:43  Infested Bunker  
  39  6:08  Infested SCV x3  
  42  6:23  Infested Armory  
  42  6:28  Infested SCV  
  42  6:29  Infested SCV x2  
  45  6:42  Infested Marine x6  
  45  6:43  Infested Marine x3  
  58  7:13  Infested Bunker  
  58  7:34  Infested SCV  
  58  7:35  Infested SCV x3  
  62  7:41  Overlord  
  62  7:46  Overlord  
  62  7:48  Overlord  
  62  7:53  Infested Refinery  
  62  8:09  Infested Bunker  
  66  8:13  Infested SCV x2  
  63  9:02  Infested Bunker  
  63  9:09  Infested SCV x4  
  67  9:10  Infested SCV  
  68  9:26  Infestation Level 2  
  68  9:29  Regenerative Plating  
  68  9:41  Plagued Munitions  
  68  9:50  Infested Missile Turret  
  68  9:59  Infested SCV x3  
  71  10:08  Stukov Infantry Weapons Level 1  
  71  10:18  Infested Missile Turret  
  75  10:42  Infested Missile Turret, Infested Bunker  
  75  10:44  Infested Missile Turret  
  75  10:45  Infested Missile Turret  
  75  10:52  Aggressive Incubation  
  75  11:10  Infested Refinery  
  75  11:12  Overlord  
  75  11:13  Infested SCV  
  75  11:14  Infested SCV x3  
  75  11:15  Broodling Gestation  
  79  11:33  Stukov Vehicle and Ship Weapons Level 1  
  79  11:56  Infested Factory Tech Lab  
  79  12:12  Infested Bunker  
  79  12:13  Infested Factory  
  79  12:15  Infested Bunker  
  87  12:20  Infested Missile Turret  
  87  12:29  Infestation Level 3  
  87  12:40  Calcified Armor  
  87  12:46  Infested Bunker  
  91  13:20  Stukov Infantry Armor Level 1, Infested SCV  
  91  13:21  Overlord  
  91  13:22  Overlord x5  
  91  13:23  Overlord x2  
  92  14:08  Acidic Enzymes  
  92  14:15  Stukov Infantry Weapons Level 2  
  92  14:18  Infested Factory Tech Lab  
  92  14:36  Infested Bunker  
  92  14:39  Infested Bunker  
  104  14:40  Infested Bunker  
  104  14:49  Infested Bunker  
  108  14:56  Infested Missile Turret  
  108  15:23  Infested Missile Turret  
  108  15:28  Automated Mitosis  
  108  15:32  Overlord x5  
  108  15:34  Overseer  
  108  15:35  Overseer x4  
  108  15:54  Infested Bunker  
  112  16:10  Infested Bunker  
  120  16:41  Infested Bunker  
  120  16:45  Infested SCV  
  125  17:02  Infested Bunker  
  125  17:10  Infested Missile Turret  
  125  17:16  Infested Bunker  
  129  17:35  Stukov Infantry Armor Level 2  
  129  17:39  Infested Missile Turret  
  133  17:44  Infested Missile Turret  
  133  17:45  Infested Bunker  
  133  17:48  Infested Missile Turret  
  133  17:58  Saturated Cultures  
  133  18:14  Infested Missile Turret  
  133  18:19  Stukov Vehicle and Ship Armor Level 1  
  133  18:38  Infested Siege Tank  
  133  18:39  Infested Siege Tank  
  139  18:43  Infested Siege Tank  
  139  18:46  Caustic Mucus  
  142  18:52  Infested Siege Tank  
  145  19:01  Infested Siege Tank  
  148  19:10  Stukov Infantry Weapons Level 3  
  148  19:16  Infested Siege Tank  
  151  19:23  Infested Siege Tank  
  151  19:29  Overseer x2  
  154  19:47  Infested Siege Tank  
  157  20:24  Unknown, Stukov Vehicle and Ship Weapons Level 2  
  157  20:43  Infested Siege Tank x3  
  157  20:44  Infested Siege Tank x3  
  175  21:21  Infested Marine  
  175  21:22  Infested Marine x17  
  175  21:23  Infested Marine x2  
  195  21:40  Overlord x4  
  195  21:41  Overlord x3  
  195  21:42  Overlord  
  192  22:17  Infested Bunker  
  195  22:24  Infested Bunker  
  168  25:01  Infested Siege Tank  
  168  25:02  Infested Siege Tank x5  
  168  25:03  Infested Siege Tank x4  
Tags
 
Commander
KaraxStukov
Matchup
Co-op
Replay Pack
Multiplayer
Add a new tag
Caveats
  • Supply blocks, unpowered buildings, or Contaminate may cause inaccurate times.
  • Supply counts are checked every 10 seconds.